 Dungeon Crawl Stone Soup version 0.32-a0-814-g0968bab981 (webtiles) character file.

Game seed: 200519981147962137

56301 smashvw the Severer (level 14, -12/88 HPs)
             Began as a Gargoyle Monk on Mar 23, 2024.
             Was the Champion of Qazlal.
             Mangled by an orc knight
             ... wielding a +2 great sword
              (36 damage)
             ... on level 2 of the Orcish Mines.
             The game lasted 00:41:43 (14645 turns).

smashvw the Severer (Gargoyle Monk)                Turns: 14645, Time: 00:41:44

Health: -12/88     AC: 39    Str: 32    XL:     14   Next: 81%
Magic:  17/22      EV:  7    Int: 12    God:    Qazlal [******]
Gold:   818        SH: 12    Dex:  7    Spells: 13/13 levels left

rFire   . . .        O - +8 mithril axe "Arga" {speed, Will+}
rCold   . . .        v - +0 buckler
rNeg    + + .        N - +0 plate armour
rPois   ∞            E - +4 hat "Sueb" {rN+ Str+4 Dex-5}
rElec   +            H - +0 cloak
rCorr   .            M - +2 pair of gloves {Str+3}
SInv    +            G - +0 pair of boots
Will    ++...        e - amulet "Delosut" {Regen+ Slay+3}
Stlth   x              - ring of see invisible
HPRegen 1.14/turn    Q - +6 ring of strength
MPRegen 0.18/turn

%: repel missiles
@: protected from physical damage, flying, studying Armour
A: sickness immunity, AC +10, big wings, negative energy resistance 1,
electricity resistance, torment resistance 1, petrification resistance
a: Renounce Religion, Upheaval, Elemental Force, Disaster Area


You were on level 2 of the Orcish Mines.
You worshipped Qazlal.
Qazlal was exalted by your worship.
You visited 3 branches of the dungeon, and saw 19 of its levels.

You collected 1858 gold pieces.
You spent 1040 gold pieces at shops.

Inventory:

Hand Weapons
 a - a +0 hand axe
 i - a +4 vampiric hand axe
 O - the +8 mithril axe "Arga" (weapon) {speed, Will+}
   (You found it on level 10 of the Dungeon)

   Will+:     It increases your willpower.
Missiles
 L - 2 throwing nets
Armour
 d - an orb of light
 v - a +0 buckler (worn)
 E - the +4 hat "Sueb" (worn) {rN+ Str+4 Dex-5}
   (You acquired it on level 5 of the Dungeon)

   Str+4:     It affects your strength (+4).
   Dex-5:     It affects your dexterity (-5).
   rN+:       It protects you from negative energy.
 G - a +0 pair of boots (worn)
 H - a +0 cloak (worn)
 M - a +2 pair of gloves of strength (worn)
 N - a +0 plate armour (worn)
Jewellery
 e - the amulet "Delosut" (around neck) {Regen+ Slay+3}
   (You acquired it on level 5 of the Dungeon)

   [amulet of regeneration]

   Slay+3:    It affects your accuracy & damage with ranged weapons and melee
   (+3).
   Regen+:    It increases your rate of health regeneration.
 x - a ring of see invisible (left hand)
 Q - a +6 ring of strength (right hand)
 R - a ring of protection from cold
Wands
 o - a wand of light (24)
 A - a wand of polymorph (2)
 D - a wand of warping (37)
 F - a wand of flame (40) (quivered)
 I - a wand of paralysis (15)
 P - a wand of digging (4)
Scrolls
 f - 2 scrolls of silence
 g - 5 scrolls of fear
 j - 11 scrolls of teleportation
 p - 2 scrolls of blinking
 s - a scroll of fog
 u - 3 scrolls of butterflies
 w - 2 scrolls of torment
 y - 3 scrolls of amnesia
 B - 2 scrolls of immolation {unknown}
 C - a scroll of enchant armour
 J - 4 scrolls of revelation {unknown}
 K - 2 scrolls of poison {unknown}
 T - a scroll of noise {unknown}
Potions
 b - 2 potions of magic
 c - 2 potions of ambrosia
 h - 2 potions of berserk rage
 k - 3 potions of heal wounds
 l - 8 potions of curing
 m - 2 potions of lignification {unknown}
 n - 2 potions of mutation
 q - 4 potions of degeneration
 r - 4 potions of attraction
 t - a potion of haste
 z - 7 potions of enlightenment {unknown}
 S - 3 potions of cancellation {unknown}


   Skills:
 - Level 10.2 Fighting
 * Level 17.4 Axes
 + Level 11.2 Armour
 - Level 2.4 Dodging
 - Level 0.6 Stealth
 - Level 5.0 Shields
 + Level 10.9 Invocations
 - Level 3.0 Evocations


You had 13 spell levels left.
You didn't know any spells.
Your spell library contained the following spells:

 Spells                   Type           Power      Damage    Failure   Level
 Slow                     Hex            0%         N/A       93%         1
 Blink                    Tloc           0%         N/A       98%         2
 Lesser Beckoning         Tloc           0%         N/A       98%         2
 Momentum Strike          Conj/Tloc      0%         3d8       98%         2
 Confusing Touch          Hex            0%         N/A       100%        3
 Dazzling Flash           Conj/Hex       0%         N/A       100%        3
 Frozen Ramparts          Ice            0%         1d1       100%        3
 Mephitic Cloud           Conj/Alch/Air  0%         N/A       100%        3
 Ozocubu's Armour         Ice            0%         N/A       100%        3
 Swiftness                Air            0%         N/A       100%        3
 Vampiric Draining        Necr           0%         2d6       100%        3
 Airstrike                Air            0%         2d(0-16)  100%        4
 Brom's Barrelling Bould  Conj/Erth      0%         2d3       100%        4
 Vhi's Electric Charge    Tloc/Air       0%         N/A       100%        4
 Arcjolt                  Conj/Air       0%         1d10      100%        5
 Curse of Agony           Necr           0%         N/A       100%        5
 Fireball                 Conj/Fire      0%         3d3       100%        5
 Iskenderun's Battlesphe  Conj           0%         2d6       100%        5
 Metabolic Englaciation   Hex/Ice        0%         N/A       100%        5
 Silence                  Hex/Air        0%         N/A       100%        5
 Bombard                  Conj/Erth      0%         9d1       100%        6
 Conjure Ball Lightning   Conj/Air       0%         3x3d6     100%        6
 Starburst                Conj/Fire      0%         6d3       100%        6
 Malign Gateway           Summ/Tloc      0%         N/A       100%        7
 Orb of Destruction       Conj           0%         9d5       100%        7
 Maxwell's Capacitive Co  Air            0%         ∞         100%        8
 Summon Horrible Things   Summ           0%         N/A       100%        8


Dungeon Overview and Level Annotations

Branches:
Dungeon (12/15)            Temple (0/1) D:6            Lair (5/5) D:8
 Shoals (0/4) Lair:3        Snake (0/4) Lair:2        Slime (0/5) Lair:4
    Orc (2/2) D:12            Elf (0/3) Orc:2

Altars:
Dithmenos
Elyvilon
Gozag
Hepliaklqana
Qazlal
Uskayaw
Xom
Yredelemnul
Zin
Jiyva

Shops:
D:2 *   D:6 :   D:12 =   Orc:2 :?*

Annotations:
D:6 1 runed translucent door, Crazy Yiuf


Innate Abilities, Weirdness & Mutations

You are immune to sickness and miasma.
Your stone body is resilient. (AC +10)
You are immune to poison.
Your large and strong wings let you fly.
You resist negative energy. (rN+)
You are resistant to electric shocks. (rElec)
You are resistant to unholy torment.
You are immune to petrification.


Message History

An orc priest comes into view. It is wielding a +0 dagger.
Things that are here:
a +0 orcbow; a +0 halberd; a +0 chain mail You hit the orc knight.
The orc knight is moderately wounded.
You closely miss the chaos spawn.
You hit the orc sorcerer but do no damage.
You hear a shout!
You block the chaos spawn's attack. You block the orc knight's attack.
The orc sorcerer points at you and mumbles some strange words.
The bolt of negative energy is repelled.
The orc knight is engulfed in freezing vapours.
You slash the orc knight!
The orc knight is heavily wounded.
You closely miss the chaos spawn. You slice the orc knight!!
You slice the orc sorcerer!! You hit the orc knight.
The orc knight is heavily wounded.
You slash the chaos spawn!
You kill the chaos spawn!
Qazlal accepts your kill.
The chaos spawn degenerates into a cloud of primal chaos!
You hit the orc knight but do no damage.
You closely miss the orc sorcerer. You block the orc knight's attack.
The orc sorcerer hits you with a +0 dagger!
* * * LOW HITPOINT WARNING * * *
Your resistance to fire fades away.
You feel protected from physical attacks.
The orc knight hits you but does no damage.
You closely miss the orc knight.
The orc knight is heavily wounded.
You slice the orc sorcerer!!
You kill the orc sorcerer!
Qazlal accepts your kill.
You slash the orc knight! You hit the orc knight.
The orc knight is severely wounded.
You barely miss the orc knight.
The orc knight hits you with a +2 great sword!!!
You die...

.......[[......................##
....>[..)..).)......#......#.####
...................###......## #
...........)......#####....##
.................###.###.###
................###...####
...............###.....#
..............###o#)..#.
.............###@).o....
............###○○o#o#.#.
...........###..§##
..........###.).##
.........###...##
........###.#.## .......###...##
#... # ........###.#.## #.#.###
.......).###...## #...###.


You could see 2 orc knights, an orc warrior (strong) and an orc priest (strong).

Vanquished Creatures
  Josephine (Lair:4)
  Harold (Lair:2)
  2 hydras
  A centaur warrior (D:10)
  2 two-headed ogres
  3 death yaks
  3 orc high priests
  A skyshark (Lair:3)
  Sonja (D:12)
  5 large abominations (D:10)
  An arcanist (D:10)
  3 harpies (Lair:3)
  3 orc knights (Orc:2)
  3 ugly things
  5 orc sorcerers (Orc:2)
  A manticore (D:11)
  2 cyclopes
  Maurice (D:7)
  5 elephants (Lair:4)
  4 black mambas
  2 kobold blastminers (Orc:2)
  An orange demon (Orc:2)
  12 cane toads
  Maggie (D:9)
  6 komodo dragons
  Psyche (D:12)
  2 kobold demonologists (D:9)
  6 trolls
  2 hornets
  3 polar bears
  Prince Ribbit (D:6)
  18 blink frogs
  4 slime creatures (D:12)
  A wyvern (D:11)
  A shadow (D:10)
  5 wraiths
  2 basilisks
  38 yaks
  4 wargs
  2 steam dragons
  14 vampire mosquitoes
  2 chaos spawn (Orc:2)
  2 nagas (Lair:2)
  An acid dragon (D:11)
  6 small abominations (D:10)
  8 water moccasins
  33 orc warriors
  A black bear (D:8)
  An ice beast (D:7)
  A sky beast (D:8)
  4 ogres
  3 centaurs
  A phantom (D:12)
  13 wolves
  A weeping skull (D:5)
  3 kobold brigands
  2 gnoll sergeants
  8 bullfrogs
  8 scorpions
  A troll zombie (D:12)
  12 wights
  10 killer bees
  A howler monkey (D:9)
  3 jellies
  2 bombardier beetles
  3 hounds
  27 orc priests
  2 gnoll boudas
  5 iguanas
  A sleepcap (D:8)
  21 orc wizards
  6 ogre zombies (D:12)
  Robin (D:4)
  28 gnolls
  7 adders
  A shadow imp (D:7)
  2 white imps
  76 orcs
  4 endoplasms
  2 giant cockroaches
  16 goblins
  11 hobgoblins
  15 jackals
  4 quokkas
  7 ball pythons
  20 bats
  4 frilled lizards
  6 gnoll skeletons (D:12)
  2 gnoll zombies (D:12)
  22 kobolds
  4 orc skeletons (D:12)
  12 orc zombies (D:12)
  6 rats
  A spectral orc (D:5)
617 creatures vanquished.

Vanquished Creatures (collateral kills)
  A troll zombie (D:12)
  An orc priest (D:12)
  A white imp (D:8)
  An orc zombie (D:12)
4 creatures vanquished.

Vanquished Creatures (others)
  An orc (D:5)
1 creature vanquished.

Grand Total: 622 creatures vanquished

Notes
Turn   | Place    | Note
-------+----------+-------------------------------------------
     0 | D:1      | smashvw the Gargoyle Monk began the quest for the Orb.
     0 | D:1      | Reached XP level 1. HP: 14/14 MP: 1/1
     6 | D:1      | Noticed a polar bear
     6 | D:1      | Noticed a brain worm
     6 | D:1      | Noticed a rime drake
     7 | D:1      | Noticed a snapping turtle
     7 | D:1      | Noticed a mana viper
   289 | D:1      | Reached XP level 2. HP: 16/19 MP: 2/2
   440 | D:1      | Reached skill level 3 in Axes
   906 | D:2      | Reached XP level 3. HP: 24/24 MP: 3/3
  1083 | D:2      | Reached XP level 4. HP: 30/30 MP: 4/4
  1418 | D:2      | Found Ykioma Bigynt's Assorted Antiques.
  1580 | D:3      | Reached skill level 4 in Axes
  1580 | D:3      | Reached XP level 5. HP: 34/34 MP: 5/5
  1642 | D:3      | Found a faded altar of an unknown god.
  1670 | D:3      | Prayed at the altar of an unknown god.
  1670 | D:3      | Became a worshipper of Qazlal Stormbringer
  1670 | D:3      | Reached * piety under Qazlal
  1670 | D:3      | Reached ** piety under Qazlal
  1707 | D:3      | Reached skill level 5 in Fighting
  2150 | D:4      | Reached *** piety under Qazlal
  2168 | D:4      | Noticed Robin
  2181 | D:4      | Killed Robin
  2327 | D:4      | Reached skill level 1 in Invocations
  2332 | D:4      | Reached XP level 6. HP: 38/40 MP: 5/7
  2558 | D:4      | Found a hazy altar of Hepliaklqana.
  2627 | D:4      | Found an opulent altar of Gozag.
  2662 | D:5      | Entered Level 5 of the Dungeon
  2676 | D:5      | Reached XP level 7. HP: 23/46 MP: 7/9
  2679 | D:5      | Reached skill level 5 in Axes
  2994 | D:5      | Reached **** piety under Qazlal
  3001 | D:5      | Reached XP level 8. HP: 44/52 MP: 11/11
  3063 | D:5      | Found a basalt altar of Yredelemnul.
  3064 | D:5      | Identified 2 scrolls of acquirement
  3064 | D:5      | Acquired the +4 hat "Sueb" {rN+ Str+4 Dex-5}
  3097 | D:5      | Reached skill level 6 in Axes
  3097 | D:5      | Reached skill level 5 in Invocations
  3343 | D:5      | Found a shadowy altar of Dithmenos.
  3592 | D:6      | Reached XP level 9. HP: 34/59 MP: 13/13
  3685 | D:6      | Noticed Prince Ribbit
  3703 | D:6      | Killed Prince Ribbit
  3704 | D:6      | Reached skill level 7 in Axes
  4037 | D:6      | Identified the +4 falchion of Nipimo {antimagic, rElec rF-
                  | Str+3 Int+2 SInv}
  4303 | D:6      | Found a staircase to the Ecumenical Temple.
  4370 | D:6      | Acquired the amulet "Delosut" {Regen+ Slay+3}
  4390 | D:6      | Found a runed translucent door.
  4391 | D:6      | Noticed Crazy Yiuf
  4662 | D:6      | Found Lyxtuiv's Book Boutique.
  4971 | D:7      | Reached ***** piety under Qazlal
  4977 | D:7      | Noticed Maurice
  4991 | D:7      | Paralysed by Maurice for 5 turns
  5010 | D:7      | Killed Maurice
  5011 | D:7      | Reached skill level 8 in Axes
  5115 | D:7      | Noticed a cyclops
  5158 | D:7      | Found a white marble altar of Elyvilon.
  5202 | D:7      | Killed a cyclops
  5203 | D:7      | Reached skill level 10 in Fighting
  5203 | D:7      | Reached skill level 1 in Evocations
  5203 | D:7      | Reached XP level 10. HP: 49/68 MP: 14/14
  6049 | D:8      | Reached skill level 9 in Axes
  6119 | D:8      | Found a glowing silver altar of Zin.
  6119 | D:8      | Noticed an angel
  6371 | D:8      | Found a staircase to the Lair.
  6833 | D:9      | Noticed a kobold demonologist
  6834 | D:9      | Noticed a kobold demonologist
  6841 | D:9      | Noticed an orange demon
  6842 | D:9      | Killed a kobold demonologist
  6849 | D:9      | Killed a kobold demonologist
  6873 | D:9      | Reached XP level 11. HP: 72/72 MP: 8/17
  6876 | D:9      | Reached skill level 10 in Axes
  7426 | D:9      | Reached skill level 10 in Invocations
  7694 | D:10     | Entered Level 10 of the Dungeon
  7696 | D:10     | Noticed a centaur warrior
  7703 | D:10     | Killed a centaur warrior
  7704 | D:10     | Reached skill level 1 in Armour
  7797 | D:10     | Found a shimmering altar of Xom.
  7848 | D:10     | Found a hide-covered altar of Uskayaw.
  7994 | D:10     | Reached skill level 11 in Axes
  8232 | D:10     | Noticed an arcanist
  8233 | D:10     | Noticed a large abomination
  8233 | D:10     | Noticed a large abomination
  8238 | D:10     | Noticed a large abomination
  8242 | D:10     | Killed an arcanist
  8242 | D:10     | Noticed a large abomination
  8244 | D:10     | Killed a large abomination
  8245 | D:10     | Reached skill level 5 in Armour
  8247 | D:10     | Killed a large abomination
  8251 | D:10     | Killed a large abomination
  8252 | D:10     | Reached XP level 12. HP: 35/77 MP: 12/19
  8318 | D:10     | Found the +8 mithril axe "Arga" {speed, Will+}
  8343 | D:10     | Got Wuviast's Verses on the Overhead Lithosphere
  8479 | D:11     | Reached skill level 12 in Axes
  8633 | D:9      | Noticed Maggie
  8644 | D:9      | Killed Maggie
  8749 | D:11     | Reached skill level 1 in Shields
  9025 | D:11     | Identified the +1 falchion "Axzym" {flame, rF+ rC+ Will+}
  9135 | D:11     | Noticed a two-headed ogre
  9144 | D:11     | Killed a two-headed ogre
  9495 | Lair:1   | Entered Level 1 of the Lair of Beasts
 10171 | Lair:2   | Noticed a death yak
 10172 | Lair:2   | Noticed a death yak
 10172 | Lair:2   | Noticed a death yak
 10189 | Lair:1   | Killed a death yak
 10190 | Lair:1   | Reached skill level 5 in Shields
 10190 | Lair:1   | Killed a death yak
 10191 | Lair:1   | Reached skill level 13 in Axes
 10222 | Lair:2   | Reached XP level 13. HP: 80/82 MP: 20/20
 10269 | Lair:2   | Reached skill level 10 in Armour
 10352 | Lair:2   | Found a staircase to the Snake Pit.
 10522 | Lair:2   | Noticed Harold
 10532 | Lair:2   | Killed Harold
 10620 | Lair:2   | Reached skill level 14 in Axes
 10772 | Lair:2   | Reached ****** piety under Qazlal
 11486 | Lair:3   | Reached skill level 15 in Axes
 11856 | Lair:3   | Found a staircase to the Shoals.
 12158 | Lair:4   | Noticed Josephine
 12167 | Lair:4   | Killed Josephine
 12168 | Lair:4   | Gained mutation: Your large and strong wings let you fly.
                  | [Gargoyle growth]
 12168 | Lair:4   | Reached XP level 14. HP: 85/88 MP: 21/21
 12176 | Lair:4   | Reached skill level 16 in Axes
 12388 | Lair:4   | Found a viscous altar of Jiyva.
 12388 | Lair:4   | Found a staircase to the Slime Pits.
 12634 | Lair:5   | Entered Level 5 of the Lair of Beasts
 12838 | D:12     | Noticed Sonja
 12839 | D:12     | Killed Sonja
 12862 | D:12     | Found Penoot's Jewellery Shoppe.
 12882 | D:12     | Noticed Psyche
 12891 | D:12     | Killed Psyche
 12939 | D:12     | Found a staircase to the Orcish Mines.
 12980 | Orc:1    | Entered Level 1 of the Orcish Mines
 13199 | Orc:2    | Entered Level 2 of the Orcish Mines
 13507 | D:6      | Bought a manual of Armour for 1040 gold pieces
 13787 | Orc:2    | Found a staircase to the Elven Halls.
 13791 | Orc:2    | Reached skill level 17 in Axes
 14286 | Orc:2    | Found Sourha's General Store.
 14296 | Orc:2    | Found Vidghan's Magic Scroll Emporium.
 14374 | Orc:2    | Found Fayveovui's Book Emporium.
 14645 | Orc:2    | Mangled by an orc knight

Illustrated notes

Levels and vault maps discovered:
D:1:      onia_arrival_zoo_common, layout_loops_ring
D:2:      layout_basic, serial_shops, shop, st_stairs_11, corexii_shack
D:3:      layout_basic, basic_ecumenical_altar
D:4:      layout_rooms, grunt_gozag_breadcrumbs, mainiacjoe_overflow_alcove_4,
          uniq_robin
D:5:      old_forge, layout_cave_pools, yredelemnul_forgotten_temple_becter,
          mainiacjoe_overflow_surrounded_room
D:6:      layout_loops_ring, minmay_temple_entry_junction, serial_shops, shop,
          uniq_prince_ribbit1, uniq_crazy_yiuf_cottage
D:7:      layout_loops_ring, old_standard_altar, uniq_maurice
D:8:      layout_gridville, zin_angel, dpeg_oklobed_lair
D:9:      layout_loops_corners, reono_crystal_passage, minivault_16,
          roderic_batcave, grunt_ministairs_3, uniq_maggie
D:10:     layout_irregular_city, mainiacjoe_overflow_boulevard,
          lemuel_doored_altar, laboratory
D:11:     layout_loops_ring
D:12:     layout_long_grid, zombieorc2_lemuel, ebering_ghost_rock_garden,
          serial_shops, shop, nicolae_book_shop_shelving, uniq_sonja,
          uniq_psyche
Lair:1:   layout_regular_city, minmay_holes, grunt_megastairs_4,
          infiniplex_staircase_pool
Lair:2:   layout_layer_cave, guppyfry_snake_entry_garden, beast_lair_carwin_8,
          uniq_harold
Lair:3:   layout_gridlike, nicolae_shoals_entry_roost, serial_rivers,
          chequers_serial_rivers_micro_d, chequers_serial_rivers_room_b,
          chequers_serial_rivers_room_a, chequers_serial_rivers_micro_c,
          grunt_megastairs_2
Lair:4:   layout_roguey, slime_entry_1, beast_lair_carwin_4, lemuel_fruit_tree,
          uniq_josephine
Lair:5:   hellmonk_lair_end_abyssal_woods, layout_hall_layers, special_room
          [special_room_bee], grunt_megastairs_3
Orc:1:    layout_diamond_mine
Orc:2:    pf_orc_diabolical, layout_diamond_mine, serial_shops, shop

Skill      XL: |  1  2  3  4  5  6  7  8  9 10 11 12 13 14 |
---------------+-------------------------------------------+-----
Axes           | 3 4 5 6 8 9 11 13 15 17 | 17.4
Fighting       | 4 5 6 8 10 | 10.2
Invocations    | 1 2 4 6 9 10 | 10.9
Evocations     | 1 3 |  3.0
Armour         | 5 9 10 11 | 11.2
Shields        | 5 |  5.0
Dodging        | |  2.4
Stealth        | |  0.6

Action                     |  1- 3 |  4- 6 |  7- 9 | 10-12 | 13-15 || total
---------------------------+-------+-------+-------+-------+-------++-------
  Melee: Hand axe          |    77 |   124 |   285 |   324 |       ||   810
         Broad axe         |       |       |       |   150 |   503 ||   653
 Invoke: Upheaval          |       |       |       |     9 |     9 ||    18
         Elemental Force   |       |       |       |     1 |     1 ||     2
  Evoke: Wand              |       |       |     7 |       |       ||     7
    Use: Scroll            |       |       |     4 |    14 |     1 ||    19
         Potion            |       |       |     1 |       |       ||     1
 Armour: Robe              |    44 |    50 |       |       |       ||    94
         Scale mail        |       |    35 |   221 |    30 |       ||   286
         Chain mail        |       |       |       |   296 |       ||   296
         Plate armour      |       |       |       |    98 |   228 ||   326
  Dodge: Dodged            |    45 |    73 |   160 |   184 |    78 ||   540
         Repelled          |       |       |     4 |    13 |     8 ||    25
  Block: Buckler           |       |       |       |    45 |   188 ||   233
         Other             |       |       |       |     1 |       ||     1

Table legend: (Time is in decaauts)
 A = Elapsed time spent in this place.
 B = Non-inter-level travel time spent in this place.
 C = Inter-level travel time spent in this place.
 D = Time resting spent in this place.
 E = Time spent auto-exploring this place.
 F = Levels seen in this place.
 G = Mean time per level.
                   A        B        C        D        E       F      G
               +--------+--------+--------+--------+--------+-----+--------+
         Total |  14352 |  12891 |   1461 |    260 |  10039 |  19 |  755.4 |
       Dungeon |  10043 |   8894 |   1149 |    241 |   6733 |  12 |  836.9 |
          Lair |   3125 |   2922 |    203 |     19 |   2479 |   5 |  625.0 |
  Orcish Mines |   1183 |   1075 |    108 |      0 |    827 |   2 |  591.5 |
               +--------+--------+--------+--------+--------+-----+--------+

Top non-repeatable levels by time:
     D:6: 1618 daAuts
     D:9: 1152 daAuts
  Lair:2: 1107 daAuts
     D:8: 950 daAuts
    D:10: 901 daAuts
    D:11: 876 daAuts
     D:1: 846 daAuts
     D:7: 835 daAuts
     D:5: 765 daAuts
   Orc:2: 753 daAuts
  Lair:3: 749 daAuts
  Lair:1: 711 daAuts
     D:3: 664 daAuts
     D:2: 653 daAuts
     D:4: 588 daAuts
